AoeStats
← in440591

Nomad

507452745Analyzed
3v3 RM · 13d ago on Sep 18, 2026· 21m 42s· 6 players
Game mode
Random Map
Map size
210×210
Population
200
Speed
Normal
Resources
Standard
Victory
Conquest
Starting age
Dark Age
Ending age
Imperial Age
RankedLock teamsTeams togetherTeam positionsShared explorationLock speedFull tech treeHidden civsTurbo modeCheats
Victory
Defeat
🇵🇱 Saracens · Poland
875
+14
🇺🇿 Jurchens · Uzbekistan
843
+15
🇮🇹 Khmer · Italy
711
+22
🇨🇳 Franks · China
895
-20
🇨🇳 Mongols · China
805
-16
🇨🇳 Spanish · China
775
-15
Klaus
6:31 Loom
20:30 Feudal Age
OTZ==3
4:19 Loom
17:10 Feudal Age
in440591
3:34 Loom
14:25 Feudal Age
PiotrekEs
10:01 Loom
13:56 Feudal Age
14:26 Double-Bit Axe
18:07 Fletching
angelomolinaro2006
13:55 Feudal Age
14:25 Double-Bit Axe
16:54 Gold Mining
24:01 Castle Age
Darth Vader
14:59 Feudal Age
15:02 Man-at-Arms
18:49 Double-Bit Axe
Connection lost

Rejoining the realm…

Still unreachable

The connection could not be restored.

Session expired

The server has moved on; the page needs a fresh start.